 Dungeon Crawl Stone Soup version 0.31-a0-810-ga77100ea1a (webtiles) character file.

Game seed: 11295739901878721692

203 javelincjr the Ruffian (level 5, -4/38 HPs)
             Began as a Demonspawn Shapeshifter on Sept 21, 2023.
             Slain by an ogre
             ... wielding a +0 giant spiked club
              (30 damage)
             ... on level 4 of the Dungeon.
             The game lasted 00:05:44 (2805 turns).

javelincjr the Ruffian (Demonspawn Shapeshifter)    Turns: 2805, Time: 00:05:45

Health: -4/38      AC:  4    Str: 17    XL:     5   Next: 51%
Magic:  5/5        EV: 12    Int: 11    God:
Gold:   237        SH:  0    Dex: 12    Spells: 4/4 levels left

rFire   + .          .
                       - Unarmed
rCold   . . .        (no shield)
rNeg    . . .        p - +2 robe {rF+}
rPois   .            (helmet currently unavailable)
rElec   .            (cloak currently unavailable)
rCorr   +            (gloves currently unavailable)
SInv    .            (boots currently unavailable)
Will    .....        (no amulet)
Stlth   +            u - ring of resist corrosion
HPRegen 0.26/turn    (no ring)
MPRegen 0.09/turn

%: no passive effects
@: beast-form
A: beast (slay +2), powered by pain 2
a: Begin Untransformation


You were on level 4 of the Dungeon.
You were a hulking beast.
You visited 1 branch of the dungeon, and saw 4 of its levels.

You collected 237 gold pieces.

Inventory:

Missiles
 q - 8 stones
Armour
 a - a +0 animal skin
 b - a +0 plate armour
 k - a +0 ring mail
 p - a +2 robe of fire resistance (worn)
Magical Staves
 e - a staff of earth
Jewellery
 u - a ring of resist corrosion (left hand)
Talismans
 c - a beast talisman (active)
 d - a flux talisman
Wands
 t - a wand of polymorph (11)
Scrolls
 g - a scroll of teleportation {unknown}
 j - a scroll of fear {unknown}
 l - a scroll of silence {unknown}
 m - a scroll of identify {unknown}
 n - a scroll of enchant weapon {unknown}
 o - a scroll of vulnerability {unknown}
 r - a scroll of torment {unknown}
 s - 2 scrolls of revelation {unknown}
Potions
 f - 2 potions of invisibility {unknown}
 h - 3 potions of curing {unknown}
 i - a potion of brilliance {unknown}


   Skills:
 + Level 2.2 Fighting
 + Level 1.1 Armour
 + Level 2.5 Dodging
 * Level 3.8 Unarmed Combat
 * Level 3.7 Shapeshifting


You had 4 spell levels left.
You didn't know any spells.
Your spell library contained the following spells:

 Spells                   Type           Power      Damage    Failure   Level
 Animate Armour           Summ/Erth      0%         N/A       98%         4
 Summon Lightning Spire   Summ/Air       0%         N/A       98%         4
 Alistair's Intoxication  Tmut/Pois      0%         N/A       100%        5
 Borgnjor's Vile Clutch   Necr/Erth      0%         N/A       100%        5
 Lee's Rapid Deconstruct  Erth           0%         3d4*      100%        5
 Eringya's Noxious Bog    Tmut/Pois      0%         4d6       100%        6


Dungeon Overview and Level Annotations

Branches:
Dungeon (4/15)
 Temple: D:4-7

Altars:
Okawaru
Sif Muna


Innate Abilities, Weirdness & Mutations

You are a hulking beast.
Your limbs bulge with bestial killing power. (Slay +2)
You sometimes gain power by taking damage.


Message History

You punch the jelly!
Your hands burn!
The jelly is heavily wounded.
The jelly hits you but does no damage.
You punch the jelly!
You kill the jelly!
No target in view!
No target in view!
You pick up a book of Iron and begin reading...
You add the spells Summon Lightning Spire, Animate Armour and Lee's Rapid Deconstruction to your library.
Done exploring.
Okay, then.
Done exploring.
Search for what [Enter for "."]? .
As you open the door, it creaks loudly!
There is an open door here.
There is a stone staircase leading down here.
You climb downwards.
Found a stone staircase leading up.
There is a stone staircase leading up here.
Found a dagger.
An ogre comes into view. It is wielding a +0 giant spiked club.
The ogre shouts!
You hit the ogre.
The ogre is lightly wounded.
The ogre hits you with a +0 giant spiked club!
You hit the ogre.
The ogre is lightly wounded.
The ogre barely misses you.
You hit the ogre.
The ogre is heavily wounded.
You hit the ogre.
The ogre is severely wounded.
The ogre barely misses you.
You hit the ogre.
The ogre is severely wounded.
You hit the ogre but do no damage.
The ogre is severely wounded.
The ogre hits you with a +0 giant spiked club!!
Ouch! That really hurt!
You die...

###### ##....#
#######..####
######.......## ###
.............# ...
............## ....
...#####....### #....
####........## .....#
###.Oh...#.....#
......###.....##.......#
....O.......###........#
.........#####<........#
.......### #...<......#
....... #............
.....## #..........#)
..... #.........## ....
#.........#


You could see an ogre.

Vanquished Creatures
  A jelly (D:3)
  10 adders
  A worm (D:2)
  2 dart slugs
  3 orcs (D:2)
  5 endoplasms
  2 giant cockroaches (D:2)
  4 goblins
  9 hobgoblins
  4 jackals (D:3)
  4 quokkas
  8 ball pythons
  6 bats
  4 frilled lizards
  3 kobolds
  6 rats
72 creatures vanquished.

Notes
Turn   | Place    | Note
-------+----------+-------------------------------------------
     0 | D:1      | javelincjr the Demonspawn Shapeshifter began the quest for
                  | the Orb.
     0 | D:1      | Reached XP level 1. HP: 15/15 MP: 1/1
   236 | D:1      | Gained mutation: You sometimes gain a little power by
                  | taking damage. [demonic ancestry]
   236 | D:1      | Reached XP level 2. HP: 21/21 MP: 2/2
   747 | D:2      | Reached XP level 3. HP: 20/26 MP: 3/3
  1011 | D:2      | Reached XP level 4. HP: 21/33 MP: 4/4
  1159 | D:2      | Found a faded altar of an unknown god.
  1742 | D:3      | Gained mutation: You sometimes gain power by taking damage.
                  | [demonic ancestry]
  1742 | D:3      | Reached XP level 5. HP: 22/38 MP: 5/5
  1888 | D:3      | Found a shimmering blue altar of Sif Muna.
  1898 | D:3      | Reached skill level 1 in Armour
  2003 | D:3      | Found an iron altar of Okawaru.
  2787 | D:4      | Noticed an ogre
  2805 | D:4      | Slain by an ogre

Illustrated notes

Levels and vault maps discovered:
D:1:      matt_arrival_diagonals, layout_basic, minmay_pentomino_q2
D:2:      layout_loops_ring, nicolae_ecumenical_snake_handling, minmay_mini_jars
D:3:      layout_basic, mainiacjoe_overflow_concentric_impassable,
          okawaru_metal_pillars_1_2
D:4:      layout_cave_pods, tso_altar, temple_hall

Skill      XL: |  1  2  3  4  5 |
---------------+----------------+-----
Dodging        | 2 |  2.5
Unarmed Combat | 3 |  3.8
Shapeshifting  | 3 |  3.7
Fighting       | 2 |  2.2
Armour         | 1 |  1.1

Action                     |  1- 3 |  4- 6 || total
---------------------------+-------+-------++-------
  Melee: Unarmed           |   124 |   140 ||   264
         Punch             |     1 |     2 ||     3
    Use: Potion            |       |     1 ||     1
 Armour: Animal skin       |    24 |       ||    24
         Ring mail         |    62 |    10 ||    72
         Robe              |       |    88 ||    88
         Skin              |       |    21 ||    21
  Dodge: Dodged            |    67 |    96 ||   163

Table legend: (Time is in decaauts)
 A = Elapsed time spent in this place.
 B = Non-inter-level travel time spent in this place.
 C = Inter-level travel time spent in this place.
 D = Time resting spent in this place.
 E = Time spent auto-exploring this place.
 F = Levels seen in this place.
 G = Mean time per level.
                   A        B        C        D        E       F      G
               +--------+--------+--------+--------+--------+-----+--------+
         Total |   2787 |   2643 |    144 |    136 |   2001 |   4 |  696.8 |
       Dungeon |   2787 |   2643 |    144 |    136 |   2001 |   4 |  696.8 |
               +--------+--------+--------+--------+--------+-----+--------+

Top non-repeatable levels by time:
     D:2: 1150 daAuts
     D:3: 1028 daAuts
     D:1: 557 daAuts
     D:4: 50 daAuts
